 Dungeon Crawl Stone Soup version 0.28-a0-1190-g77e1c55843 (webtiles) character file.

Game seed: 12091760999277215567

553 ChaosChampion the Magician (level 7, -3/36 HPs)
             Began as a Deep Elf Conjurer on Dec 18, 2021.
             Slain by witty6's ghost (13 damage)
             ... on level 3 of the Dungeon.
             The game lasted 00:02:56 (4666 turns).

ChaosChampion the Magician (Deep Elf Conjurer)      Turns: 4666, Time: 00:02:57

Health: -3/36      AC:  2    Str:  4    XL:     7   Next: 8%
Magic:  0/28       EV: 12    Int: 25    God:
Gold:   181        SH:  0    Dex: 13    Spells: 13/20 levels left

rFire   . . .      SeeInvis .   (no weapon)
rCold   . . .      Faith    .   (no shield)
rNeg    . . .      Spirit   .   a - +0 robe
rPois   .          Reflect  .   d - +0 hat
rElec   .          Harm     .   (no cloak)
rCorr   .          Rampage  .   (no gloves)
Will    .....                   (no boots)
Stlth   ++........              (no amulet)
HPRegen 0.12/turn               o - ring of magical power
MPRegen 0.21/turn               (no ring)

@: no status effects
A: no striking features
a: no special abilities


You were on level 3 of the Dungeon.
You visited 1 branch of the dungeon, and saw 4 of its levels.

You collected 181 gold pieces.

Inventory:

Armour
 a - a +0 robe (worn)
 d - a +0 hat (worn)
 e - a +0 buckler
 s - +0 fire dragon scales
Jewellery
 o - a ring of magical power (left hand)
Scrolls
 b - 2 scrolls of blinking {unknown}
 c - 2 scrolls of summoning {unknown}
 h - 2 scrolls of teleportation {unknown}
 i - 4 scrolls of identify {unknown}
 j - 2 scrolls of vulnerability {unknown}
 k - a scroll of fog {unknown}
 l - 2 scrolls of acquirement {unknown}
 m - a scroll of magic mapping {unknown}
 p - 3 scrolls of amnesia {unknown}
 u - a scroll of torment {unknown}
 w - a scroll of noise {unknown}
Potions
 f - 2 potions of heal wounds {unknown}
 g - a potion of ambrosia {unknown}
 n - a potion of flight {unknown}
 q - 3 potions of attraction {unknown}
 r - 2 potions of curing {unknown}
 t - a potion of degeneration {unknown}
 v - a potion of mutation {unknown}


   Skills:
 - Level 2.4 Dodging
 - Level 2.4 Stealth
 + Level 7.2 Spellcasting
 + Level 6.3 Conjurations
 - Level 4.0 Translocations


You had 13 spell levels left.
You knew the following spells:

 Your Spells              Type           Power      Damage    Failure   Level
a - Magic Dart            Conj           100%       1d8       1%          1
b - Searing Ray           Conj           80%        2d7       1%          2
d - Iskenderun's Mystic   Conj/Tloc      34%        2d8       8%          4

Your spell library contained the following spells:

 Spells                   Type           Power      Damage    Failure   Level
 Dazzling Flash           Conj/Hex       48%        N/A       5%          3
 Fulminant Prism          Conj/Hex       12%        3d9       19%         4


Dungeon Overview and Level Annotations

Branches:
Dungeon (4/15)
 Temple: D:4-7

Altars:
Gozag
Yredelemnul

Shops:
D:1 !

Annotations:
D:3 witty6's ghost, amateur MiBe


Message History

Witty6's ghost is moderately damaged.
Witty6's ghost hits you!
The searing ray hits witty6's ghost!
Witty6's ghost is heavily damaged.
You finish channelling your searing ray.
Witty6's ghost hits you!
Casting: Searing Ray (safe; 1% risk of failure)
Confirm with . or Enter, or press ? or * to list all spells.
The spell is quite dangerous to miscast (8% risk of failure)!
Continue anyway?
You erupt in a blast of force!
The mystic blast hits witty6's ghost.
Witty6's ghost is severely damaged.
Witty6's ghost is knocked back by the mystic blast.
Casting: Iskenderun's Mystic Blast (quite dangerous; 8% risk of failure)
Confirm with . or Enter, or press ? or * to list all spells.
Aiming: Searing Ray (safe; 1% risk of failure)
Press: ? - help, Shift-Dir - straight line, f/p - witty6's ghost
Aim: witty6's ghost (severely damaged, 87% to hit)
The searing ray hits witty6's ghost.
Witty6's ghost is severely damaged. (Press . to maintain the ray.)
The searing ray hits witty6's ghost but does no damage.
Witty6's ghost is severely damaged.
The searing ray hits witty6's ghost!
Witty6's ghost is almost destroyed.
Casting: Searing Ray (safe; 1% risk of failure)
Confirm with . or Enter, or press ? or * to list all spells.
The spell is quite dangerous to miscast (8% risk of failure)!
Continue anyway?
You erupt in a blast of force!
The mystic blast hits witty6's ghost but does no damage.
Witty6's ghost is almost destroyed.
Witty6's ghost hits you.
* * * LOW HITPOINT WARNING * * *
Casting: Iskenderun's Mystic Blast (quite dangerous; 8% risk of failure)
Confirm with . or Enter, or press ? or * to list all spells.
The spell is quite dangerous to miscast (8% risk of failure)!
Continue anyway?
You erupt in a blast of force!
The mystic blast hits witty6's ghost but does no damage.
Witty6's ghost is almost destroyed.
Witty6's ghost hits you!
You die...

...# #..........######### ##.#
#.########.........# ##.# #.#
#########.# ##.#
#.################.#
##.###................#.#
##........#.#.#######.#.#
).........#.#.##..###.#.#
....[.....#.#....########
..........#.#.#.@W≈≈≈≈[≈
..........#.#.##.################
............#.##..###............
.##.......###.........###########
.##.####### #########.# # .##.#
#.# # .##.# #.# # .##.# #.# #
....#################.# #


You could see witty6's ghost.

Vanquished Creatures
  Pikel (D:4)
  3 lemures (D:4)
  A hound (D:4)
  3 adders
  2 worms (D:2)
  A dart slug (D:3)
  An orc (D:4)
  2 endoplasms
  3 giant cockroaches
  8 goblins
  3 hobgoblins
  5 jackals
  7 kobolds
  2 quokkas (D:3)
  9 ball pythons
  6 bats
  3 frilled lizards
  5 rats
65 creatures vanquished.

Notes
Turn   | Place    | Note
-------+----------+-------------------------------------------
     0 | D:1      | ChaosChampion the Deep Elf Conjurer began the quest for the
                  | Orb.
     0 | D:1      | Reached XP level 1. HP: 10/10 MP: 6/6
   557 | D:1      | Found Ineklopaef's Distillery.
   794 | D:1      | Reached XP level 2. HP: 15/15 MP: 6/8
   824 | D:1      | Learned a level 2 spell: Searing Ray
  1167 | D:1      | Reached skill level 4 in Spellcasting
  1584 | D:2      | Reached XP level 3. HP: 19/19 MP: 4/10
  2777 | D:3      | Found a basalt altar of Yredelemnul.
  2967 | D:3      | Reached skill level 5 in Spellcasting
  2967 | D:3      | Reached skill level 5 in Conjurations
  3121 | D:3      | Reached XP level 4. HP: 24/24 MP: 13/13
  3329 | D:3      | Found a runed translucent door.
  3332 | D:3      | Noticed witty6's ghost (amateur MiBe)
  3619 | D:3      | Learned a level 4 spell: Iskenderun's Mystic Blast
  3856 | D:4      | Noticed a lemure
  3860 | D:4      | Noticed a lemure
  3877 | D:4      | Killed a lemure
  3885 | D:4      | Killed a lemure
  4071 | D:4      | Noticed a lemure
  4081 | D:4      | Killed a lemure
  4103 | D:4      | Reached skill level 1 in Translocations
  4175 | D:4      | Noticed Pikel
  4180 | D:4      | Noticed a lemure
  4205 | D:4      | Killed Pikel
  4206 | D:4      | Reached skill level 7 in Spellcasting
  4206 | D:4      | Reached XP level 5. HP: 15/28 MP: 10/16
  4206 | D:4      | Reached XP level 6. HP: 17/32 MP: 10/18
  4206 | D:4      | Reached XP level 7. HP: 19/36 MP: 10/19
  4445 | D:4      | Found an opulent altar of Gozag.
  4666 | D:3      | Slain by witty6's ghost

Illustrated notes

Levels and vault maps discovered:
D:1:      minmay_arrival_four_loops, layout_basic, serial_shops,
          nicolae_shop_waterfront
D:2:      layout_basic, minmay_3d_cube
D:3:      layout_loops_ring, mainiacjoe_overflow_chevrons, ebering_ghost_sewer_d
D:4:      layout_cave_pods, old_standard_altar, minmay_misc_feat_iff,
          hangedman_decor_slide_cut, uniq_eustachio, uniq_pikel, uniq_edmund

Skill      XL: |  1  2  3  4 |
---------------+-------------+-----
Spellcasting   | 4 5 7 |  7.2
Conjurations   | 5 6 |  6.3
Translocations | 4 |  4.0
Dodging        | |  2.4
Stealth        | |  2.4

Action                   |  1- 3 |  4- 6 |  7- 9 || total
-------------------------+-------+-------+-------++-------
 Cast: Magic Dart        |    78 |    26 |     5 ||   109
       Searing Ray       |     4 |    13 |     5 ||    22
       Iskenderun's Myst |       |     1 |     4 ||     5
Armor: Robe              |     3 |     1 |       ||     4
Dodge: Dodged            |     9 |    12 |       ||    21

Table legend: (Time is in decaauts)
 A = Elapsed time spent in this place.
 B = Non-inter-level travel time spent in this place.
 C = Inter-level travel time spent in this place.
 D = Time resting spent in this place.
 E = Time spent auto-exploring this place.
 F = Levels seen in this place.
 G = Mean time per level.
                   A        B        C        D        E       F      G
               +--------+--------+--------+--------+--------+-----+--------+
         Total |   4666 |   4476 |    190 |    175 |   3886 |   4 | 1166.5 |
       Dungeon |   4666 |   4476 |    190 |    175 |   3886 |   4 | 1166.5 |
               +--------+--------+--------+--------+--------+-----+--------+

Top non-repeatable levels by time:
     D:1: 1500 daAuts
     D:2: 1235 daAuts
     D:4: 985 daAuts
     D:3: 944 daAuts
